 Dungeon Crawl Stone Soup version 0.23.2-40-g277498a (webtiles) character file.

Game seed: 1229346718412510423

208 Ceann the Firebug (level 5, -2/31 HPs)
             Began as an Octopode Fire Elementalist on Aug 22, 2019.
             Slain by a centaur skeleton (6 damage)
             ... on level 4 of the Dungeon.
             The game lasted 00:08:05 (2325 turns).

Ceann the Firebug (Octopode Fire Elementalist)      Turns: 2325, Time: 00:08:06

Health: -2/31      AC:  1    Str:  7    XL:     5   Next: 86%
Magic:  2/9        EV: 13    Int: 18    God:
Gold:   81         SH:  0    Dex: 13    Spells: 6/10 levels left

rFire    . . .     SeeInvis .   (no weapon)
rCold    . . .     Gourm    .   (no shield)
rNeg     . . .     Faith    .   (helmet restricted)
rPois    .         Spirit   .   (no amulet)
rElec    .         Reflect  .   g - ring of resist corrosion
rCorr    +         Harm     .   (no ring)
MR       .....                  d - ring of flight
Stlth    +++.......             (no ring)
HPRegen  0.10/turn              (no ring)
MPRegen  0.11/turn              (no ring)
                                (no ring)
                                (no ring)

@: lethally poisoned (-2 -> -3)
A: almost no armour, stealthy swim, amphibious, 8 rings, constrict 8, camouflage
1, gelatinous body 1
a: Evoke Flight


You were on level 4 of the Dungeon.
You were hungry.

You visited 1 branch of the dungeon, and saw 4 of its levels.

You collected 81 gold pieces.

Inventory:

Jewellery
 c - a +3 ring of slaying {unknown}
 d - a ring of flight (on tentacle)
 e - an uncursed ring of ice
 g - a ring of resist corrosion (left tentacle)
Potions
 a - a potion of berserk rage {unknown}
 f - 3 potions of agility
 i - a potion of brilliance {unknown}
Comestibles
 b - a ration


   Skills:
 + Level 2.2 Dodging
 + Level 3.4 Stealth
 + Level 0.6 Unarmed Combat
 + Level 3.2 Spellcasting
 + Level 3.0 Conjurations
 + Level 4.2 Fire Magic


You had 6 spell levels left.
You knew the following spells:

 Your Spells              Type           Power        Failure   Level  Hunger
a - Flame Tongue          Conj/Fire      ###..        3%          1    None
b - Conjure Flame         Conj/Fire      ###.....     11%         3    ###....

Your spell library contained the following spells:

 Spells                   Type           Power        Failure   Level  Hunger
 Throw Flame              Conj/Fire      ###...       5%          2    ##.....
 Inner Flame              Hex/Fire       ##......     21%         3    ###....
 Sticky Flame             Conj/Fire      ###.....     34%         4    ####...
 Fireball                 Conj/Fire      ###.......   69%         5    ######.


Dungeon Overview and Level Annotations

Branches:
Dungeon (4/15)
 Temple: D:4-7

Altars:
Qazlal

Shops:
D:4 ?:*!


Innate Abilities, Weirdness & Mutations

You cannot wear most types of armour.
You are very stealthy in the water. (Stealth+)
You are amphibious.
You can wear up to eight rings at the same time.
You can use your tentacles to constrict eight enemies at once.
Your skin changes colour to match your surroundings (Stealth+).
Your rubbery body absorbs attacks. (AC +1, EV +1)


Message History

Confirm with . or Enter, or press ? or * to list all spells.
Aiming: Flame Tongue (safe; 3% risk of failure)
Press: ? - help, Shift-Dir - straight line, f - centaur skeleton
Aim: a centaur skeleton The flame tongue hits the centaur skeleton!
The centaur skeleton is moderately damaged.
Casting: Flame Tongue (safe; 3% risk of failure)
Confirm with . or Enter, or press ? or * to list all spells.
Aiming: Flame Tongue (safe; 3% risk of failure)
Press: ? - help, Shift-Dir - straight line, f/p - centaur skeleton
Aim: a centaur skeleton (moderately damaged)
The flame tongue hits the centaur skeleton.
The centaur skeleton is heavily damaged.
The centaur skeleton hits you.
* * * LOW HITPOINT WARNING * * *
You feel sick. The centaur skeleton misses you.
You feel sick. The centaur skeleton barely misses you.
The centaur skeleton hits you.
You die...

#.............#..... .
###...........##.##. #
##.............# #
##.......#.....#
###........##....##
..##.......#......##
...................#
##.......##.###....# .
##...######.###.@..## ..
.....# #......Z..# ##...
...#....####........#
##..... ...##.....
##......÷###....# ...#
##.......####........#
...###..####...###.......##
........# #...........###
)......## ###..#####..#
..§....# #.. #...#


You could see a centaur skeleton.

Vanquished Creatures
  An ogre (D:4)
  A worker ant (D:4)
  5 adders
  A gnoll (D:1)
  An ooze (D:4)
  2 worms
  A leopard gecko (D:2)
  3 giant cockroaches (D:1)
  6 goblins
  6 hobgoblins
  A quokka (D:4)
  6 bats (D:1)
  3 frilled lizards
  4 kobolds
  A rat (D:1)
42 creatures vanquished.

Notes
Turn   | Place    | Note
-------+----------+-------------------------------------------
     0 | D:1      | Ceann the Octopode Fire Elementalist began the quest for
                  | the Orb.
     0 | D:1      | Reached XP level 1. HP: 11/11 MP: 3/3
   140 | D:1      | Reached XP level 2. HP: 12/17 MP: 1/5
   618 | D:1      | Reached XP level 3. HP: 21/21 MP: 3/6
   875 | D:2      | Noticed an orc warrior
  1264 | D:2      | Reached skill level 4 in Fire Magic
  1264 | D:2      | Reached XP level 4. HP: 27/27 MP: 1/7
  1346 | D:2      | Found a faded altar of an unknown god.
  1434 | D:2      | You fall through a shaft for 2 floors!
  1439 | D:4      | Noticed an ogre
  1446 | D:4      | Found Heenk's Distillery.
  1446 | D:4      | Found a stormy altar of Qazlal.
  1446 | D:4      | Noticed a water elemental
  1447 | D:4      | Noticed a fire elemental
  1447 | D:4      | Noticed an air elemental
  1447 | D:4      | Noticed an earth elemental
  1466 | D:4      | Found Udevoull's Assorted Antiques.
  1471 | D:4      | Learned a level 3 spell: Conjure Flame
  1483 | D:4      | Found Tass's Book Emporium.
  1872 | D:4      | Found Pontutyf's Magic Scroll Shoppe.
  1891 | D:4      | Noticed a phantom
  1925 | D:4      | Killed an ogre
  1925 | D:4      | Reached XP level 5. HP: 31/31 MP: 1/9
  2325 | D:4      | Slain by a centaur skeleton

Skill      XL: |  1  2  3  4  5 |
---------------+----------------+-----
Stealth        | 3 |  3.4
Fire Magic     | 4 |  4.2
Spellcasting   | 3 |  3.2
Conjurations   | 2 3 |  3.0
Dodging        | |  2.2
Unarmed Combat | |  0.6

Action                   |  1- 3 |  4- 6 || total
-------------------------+-------+-------++-------
Melee: Unarmed           |    11 |       ||    11
       Constrict         |     2 |       ||     2
 Cast: Flame Tongue      |    53 |    52 ||   105
  Use: Scroll            |     3 |     1 ||     4
 Stab: Sleeping          |     1 |       ||     1
  Eat: Chunk             |     1 |     3 ||     4
Armor: Skin              |     3 |     1 ||     4
Dodge: Dodged            |    33 |    14 ||    47
